 Dungeon Crawl Stone Soup version 0.27.1-34-g3ba077fa99 (webtiles) character file.

Game seed: 10375270072051492083

191 melkoren the Ruffian (level 5, -2/53 HPs)
             Began as a Troll Monk on Jan 12, 2022.
             Slain by a hobgoblin (8 damage)
             ... on level 4 of the Dungeon.
             The game lasted 00:08:59 (2694 turns).

melkoren the Ruffian (Troll Monk)                   Turns: 2694, Time: 00:08:59

Health: -2/53      AC:  4    Str: 22    XL:     5   Next: 42%
Magic:  4/4        EV: 14    Int: 12    God:
Gold:   151        SH:  0    Dex: 12    Spells: 4/4 levels left

rFire    . . .     SeeInvis .     - Unarmed
rCold    + . .     Faith    .   (no shield)
rNeg     . . .     Spirit   .   a - +0 robe
rPois    .         Reflect  .   (helmet restricted)
rElec    .         Harm     .   (no cloak)
rCorr    .         Rampage  .   (gloves unavailable)
Will     .....                  (boots unavailable)
Stlth    ++........             (no amulet)
HPRegen  1.17/turn              E - +4 ring of evasion
MPRegen  0.09/turn              m - ring of Sanniuva {rC+ Str+2 Int+6}

@: no status effects
A: large, unfitting armour, claws 3, regeneration 1, shaggy fur 1, tough skin 1
a: no special abilities


You were on level 4 of the Dungeon.
You visited 1 branch of the dungeon, and saw 4 of its levels.

You collected 151 gold pieces.


Innate Abilities, Weirdness & Mutations

You are too large for most types of armour.
You have claws for hands.
Your natural rate of healing is unusually fast.
You are covered in fur. (AC +1)
You have tough skin. (AC +1)


   Skills:
 + Level 3.3 Fighting
 + Level 3.3 Dodging
 - Level 1.0 Stealth
 * Level 4.8 Unarmed Combat


You had 4 spell levels left.
You didn't know any spells.
Your spell library contained the following spells:

 Spells                   Type           Power      Damage    Failure   Level
 Call Canine Familiar     Summ           0%         N/A       69%         3
 Gell's Gravitas          Tloc           0%         N/A       69%         3
 Inner Flame              Hex/Fire       0%         N/A       69%         3
 Lesser Beckoning         Tloc           0%         N/A       69%         3
 Portal Projectile        Hex/Tloc       0%         N/A       69%         3
 Teleport Other           Tloc           0%         N/A       69%         3
 Cause Fear               Hex            0%         N/A       97%         4
 Leda's Liquefaction      Hex/Erth       0%         N/A       97%         4
 Iskenderun's Battlesphe  Conj           0%         2d6       100%        5
 Silence                  Hex/Air        0%         N/A       100%        5
 Summon Forest            Summ/Tloc      0%         N/A       100%        5
 Invisibility             Hex            0%         N/A       100%        6
 Iron Shot                Conj/Erth      0%         9d1       100%        6
 Spellforged Servitor     Conj/Summ      0%         N/A       100%        7
 Discord                  Hex            0%         N/A       100%        8

Inventory:

Hand Weapons
 i - a +2 short sword of speed
   (You took it off an orc on level 3 of the Dungeon)
Missiles
 b - 60 stones (quivered)
 d - 46 arrows
 e - 3 boomerangs
 f - 34 bolts
 g - 21 sling bullets
 l - 7 javelins
Armour
 a - a +0 robe (worn)
Jewellery
 m - the ring of Sanniuva (right claw) {rC+ Str+2 Int+6}
   (You acquired it on level 4 of the Dungeon)

   [ring of protection from cold]

   Str:       It affects your strength (+2).
   Int:       It affects your intelligence (+6).
   rC:        It protects you from cold.
 E - a +4 ring of evasion (left claw)
   (You found it on level 1 of the Dungeon)
 R - a ring of resist corrosion
   (You found it on level 2 of the Dungeon)
Scrolls
 j - 3 scrolls of fog
 k - 3 scrolls of identify {@r1}
Potions
 c - 3 potions of curing {@q1}
 h - a potion of heal wounds {@q2}
 n - a potion of degeneration {unknown}
 o - a potion of might {unknown}
 p - 2 potions of resistance {unknown}

Dungeon Overview and Level Annotations

Branches:
Dungeon (4/15)
 Temple: D:4-7

Altars:
Nemelex Xobeh

Shops:
D:4

* ##......... .....
###.......... ....
............# . ....
##.#.........#
..##..#####..#.........#
............<...........
..#.....##.####.......#.
........g..# #.........
.......@B### #...)..<.#
.......)...# #........#
##########.# #.........
#.# #........# #.##
#.......##
#..###..#.#..#
##.....#...#.#
####....∩...# #..#...#.#


You could see a giant cockroach and a hobgoblin.


Message History

You claw the iguana!
You kill the iguana!
You have reached level 5! 😕 HP[+9] MP[+1]
You now have 53 max hp (+8).
You regained 9 hp, and now have 49/53 hp.
Your mp is fully restored (4).
b - 60 stones (gained 1)
You see here a +0 whip.
o - a grey potion 😎 HP[+4]
Your hp is fully restored (53).
p - a scroll labelled DANLESTRIBEO You see here a +0 whip.
A ball python comes into view.
You scratch the ball python.
You kill the ball python!
No target in view!
No target in view!
Blink to where?
Press: ? - help, Dir - move target
As you read the scroll labelled DANLESTRIBEO, it crumbles to dust.
It was a scroll of blinking.
This is a scroll of acquirement!
Something appears at your feet!
m - the ring of Sanniuva {rC+ Str+2 Int+6} You remove your ring of resist corrosion.
You feel stronger.
You feel clever.
m - the ring of Sanniuva (right claw) {rC+ Str+2 Int+6}
There is an entrance to Imneic's Overcharged Wands here.
p - 2 bubbling coppery potions A giant cockroach, 2 orcs and an orc priest come into view.
The orc shouts!
The orc priest shouts!
You hear a shout!
A hobgoblin comes into view. It is wielding a +0 glaive.
The orc hits you with a +0 club. 😕 HP[-2]
You take 2 damage, and now have 51/53 hp.
You claw the orc!
You kill the orc!
The orc priest invokes the aid of Beogh against you.
Beogh smites you!
The hobgoblin closely misses you. 😕 HP[-11]
You take 11 damage, and now have 40/53 hp.
MASSIVE DAMAGE!! (PAUSE)
You closely miss the orc.
The hobgoblin hits you from afar with a +0 glaive!
The orc barely misses you. 😮 HP[-9]
You take 9 damage, and now have 31/53 hp.
You are too injured to fight recklessly!
You scratch the orc.
The orc priest hits you with a +0 flail.
The hobgoblin barely misses you. 😮 HP[-1]
You take 1 damage, and now have 30/53 hp.
You scratch the orc.
You kill the orc!
The orc priest hits you but does no damage.
The hobgoblin closely misses you. 😮 HP[+1]
The giant cockroach closely misses you.
The orc priest calls down the wrath of Beogh upon you.
Beogh smites you!
* * * LOW HITPOINT WARNING * * *
The giant cockroach completely misses you.
The hobgoblin barely misses you.
Items here: )) [[ ††.
Unknown command. 😨 HP[-12]
You take 12 damage, and now have 19/53 hp.
MASSIVE DAMAGE!! (PAUSE)
You barely miss the orc priest. The orc priest misses you.
The giant cockroach closely misses you. 😨 HP[+1]
You scratch the orc priest but do no damage.
The hobgoblin misses you. The orc priest closely misses you.
The giant cockroach misses you. 😨 HP[+1]
You claw the orc priest! The hobgoblin closely misses you.
The orc priest barely misses you.
The giant cockroach bites you but does no damage. 😨 HP[+2]
You regained 2 hp, and now have 23/53 hp.
You barely miss the orc priest.
The hobgoblin hits you from afar with a +0 glaive!
* * * LOW HITPOINT WARNING * * *
The giant cockroach closely misses you.
The orc priest hits you with a +0 flail!
* * * LOW HITPOINT WARNING * * *
😱 HP[-19]
You take 19 damage, and now have 4/53 hp.
MASSIVE DAMAGE!! (PAUSE)
You claw the orc priest!
You kill the orc priest!
The giant cockroach bites you but does no damage.
The hobgoblin completely misses you. 😱 HP[+1]
The giant cockroach closely misses you.
The hobgoblin hits you with a +0 glaive!
You die...

Skill      XL: |  1  2  3  4 |
---------------+-------------+-----
Unarmed Combat | 4 |  4.8
Dodging        | 3 |  3.3
Fighting       | 3 |  3.3
Stealth        | |  1.0

Action                   |  1- 3 |  4- 6 || total
-------------------------+-------+-------++-------
Melee: Unarmed           |    76 |    97 ||   173
       Punch             |       |     1 ||     1
  Use: Scroll            |     3 |     6 ||     9
       Potion            |     1 |     1 ||     2
 Stab: Sleeping          |     2 |     1 ||     3
       Distracted        |       |     1 ||     1
Armor: Robe              |    31 |    26 ||    57
Dodge: Dodged            |    58 |    90 ||   148

Levels and vault maps discovered:
D:1:      lightli_arrival_isolated_outpost, layout_loops_ring,
          basic_ecumenical_altar
D:2:      layout_loops_corners, basic_altar, grunt_decor_junction,
          minmay_tetromino_i2, uniq_terence
D:3:      layout_basic
D:4:      wad_pebble_path, layout_rooms, hex_large,
          nicolae_shop_overcharged_wands

Notes
Turn   | Place    | Note
-------+----------+-------------------------------------------
     0 | D:1      | melkoren the Troll Monk began the quest for the Orb.
     0 | D:1      | Reached XP level 1. HP: 22/22 MP: 0/0
     0 | D:1      | magus.rc [v1.11.3]
   134 | D:1      | Reached XP level 2. HP: 29/29 MP: 1/1
   215 | D:1      | You pick up a book of Hexes and begin reading...
   215 | D:1      | You add the spells Inner Flame, Cause Fear and Discord to
                  | your library.
   309 | D:1      | Reached XP level 3. HP: 36/36 MP: 2/2
   330 | D:1      | Found a faded altar of an unknown god.
   823 | D:2      | Noticed Terence
   830 | D:2      | Killed Terence
   831 | D:2      | Reached skill level 4 in Unarmed Combat
   831 | D:2      | Reached XP level 4. HP: 44/44 MP: 3/3
   986 | D:2      | Reached skill level 3 in Dodging
   991 | D:2      | Reached skill level 3 in Fighting
  1068 | D:2      | Found a sparkling altar of Nemelex Xobeh.
  1074 | D:2      | You pick up a book of the Hunter and begin reading...
  1074 | D:2      | You add the spells Call Canine Familiar, Portal Projectile
                  | and Leda's Liquefaction to your library.
  1124 | D:2      | You pick up a book of Displacement and begin reading...
  1124 | D:2      | You add the spells Lesser Beckoning, Gell's Gravitas and
                  | Teleport Other to your library.
  1890 | D:3      | You pick up a book of Power and begin reading...
  1890 | D:3      | You add the spells Iskenderun's Battlesphere, Iron Shot and
                  | Spellforged Servitor to your library.
  2028 | D:3      | You add the spells Silence, Summon Forest and Invisibility
                  | to your library.
  2028 | D:3      | Got Xubaufruah's Incunabulum of Quantum Beguiling
  2613 | D:4      | Found Imneic's Overcharged Wands.
  2629 | D:4      | Reached XP level 5. HP: 49/53 MP: 4/4
  2661 | D:4      | Identified a scroll of acquirement
  2662 | D:4      | Acquired the ring of Sanniuva {rC+ Str+2 Int+6}
  2692 | D:4      | HP: 11/53 [hobgoblin (13)]
  2692 | D:4      | HP: 4/53 [orc priest (7)]
  2694 | D:4      | Slain by a hobgoblin

Vanquished Creatures
  An orc priest (D:4)
  An iguana (D:4)
  Terence (D:2)
  A gnoll (D:1)
  4 adders
  A worm (D:2)
  3 orcs
  6 endoplasms
  4 goblins
  4 hobgoblins
  9 kobolds
  2 quokkas
  10 ball pythons
  9 bats
  9 frilled lizards
  3 rats
68 creatures vanquished.

Table legend:
 A = Non-vault XP
 B = Vault XP
 C = Vault XP percentage of total XP
 D = Non-vault monster count
 E = Vault monster count
 F = Vault count percentage of total count
                 A         B        C        D         E       F
            +---------+---------+-------+---------+---------+-------
      Total |     236 |      38 |  13.9 |      65 |       3 |   4.4
            +---------+---------+-------+---------+---------+-------
        D:1 |      55 |       0 |   0.0 |      28 |       0 |   0.0
        D:2 |      63 |      38 |  37.6 |      17 |       3 |  15.0
        D:3 |      30 |       0 |   0.0 |      13 |       0 |   0.0
        D:4 |      88 |       0 |   0.0 |       7 |       0 |   0.0
            +---------+---------+-------+---------+---------+-------

Illustrated notes

Table legend:
 A = Kills in this place as a percentage of kills in entire the game.
 B = Kills by you in this place as a percentage of kills by you in the entire game.
 C = Kills by friends in this place as a percentage of kills by friends in the entire game.
 D = Other kills in this place as a percentage of other kills in the entire game.
 E = Experience gained in this place as a percentage of experience gained in the entire game.
 F = Experience gained in this place divided by the number of levels of this place that you have seen.
                   A       B       C       D       E      F
               +-------+-------+-------+-------+-------+----------------------
         Total | 100.0 | 100.0 |   N/A |   N/A | 100.0 |  68.5
       Dungeon | 100.0 | 100.0 |   N/A |   N/A | 100.0 |  68.5
               +-------+-------+-------+-------+-------+----------------------

Table legend: (Time is in decaauts)
 A = Elapsed time spent in this place.
 B = Non-inter-level travel time spent in this place.
 C = Inter-level travel time spent in this place.
 D = Time resting spent in this place.
 E = Time spent auto-exploring this place.
 F = Levels seen in this place.
 G = Mean time per level.
                   A        B        C        D        E       F      G
               +--------+--------+--------+--------+--------+-----+--------+
         Total |   2686 |   2544 |    142 |      0 |   1997 |   4 |  671.5 |
       Dungeon |   2686 |   2544 |    142 |      0 |   1997 |   4 |  671.5 |
               +--------+--------+--------+--------+--------+-----+--------+

Top non-repeatable levels by time:
     D:3: 1006 daAuts
     D:2: 867 daAuts
     D:1: 735 daAuts
     D:4: 78 daAuts
